 Dungeon Crawl Stone Soup version 0.32-a0-560-g4c7f4391e0 (webtiles) character file.

Game seed: 14815336242222542366

327 Dittersdorf the Covered (level 6, -1/40 HPs)
             Began as a Gargoyle Fighter on Feb 29, 2024.
             Killed by divine providence
             ... invoked by an orc priest
              (11 damage)
             ... on level 6 of the Dungeon.
             The game lasted 00:02:38 (2811 turns).

Dittersdorf the Covered (Gargoyle Fighter)          Turns: 2811, Time: 00:02:39

Health: -1/40      AC: 15    Str: 21    XL:     6   Next: 50%
Magic:  6/6        EV:  8    Int:  9    God:
Gold:   169        SH:  4    Dex:  9    Spells: 5/5 levels left

rFire   . . .        a - +0 flail
rCold   . . .        c - +0 buckler
rNeg    + + .        n - +0 chain mail
rPois   ∞            (no helmet)
rElec   +            (no cloak)
rCorr   .            j - +0 pair of gloves
SInv    +            (no boots)
Will    .....        (no amulet) Stlth
                     k - ring of see invisible
HPRegen 0.26/turn    l - ring of positive energy
MPRegen 0.10/turn

%: no passive effects
@: weakened
A: sickness immunity, AC +4, negative energy resistance 1, electricity
resistance, torment resistance 1, petrification resistance
a: Convert to Beogh


You were on level 6 of the Dungeon.
You visited 1 branch of the dungeon, and saw 5 of its levels.

You collected 169 gold pieces.

Inventory:

Hand Weapons
 a - a +0 flail (weapon)
Armour
 b - the +3 plate armour of Dogma {rF+ rC+ Will+ Int+4}
   (You acquired it on level 6 of the Dungeon)

   Int+4:     It affects your intelligence (+4).
   rF+:       It protects you from fire.
   rC+:       It protects you from cold.
   Will+:     It increases your willpower.
 c - a +0 buckler (worn)
 j - a +0 pair of gloves (worn)
 n - a +0 chain mail (worn)
Jewellery
 k - a ring of see invisible (left hand)
 l - a ring of positive energy (right hand)
Scrolls
 e - a scroll of identify
 h - 2 scrolls of teleportation {unknown}
 m - a scroll of enchant weapon {unknown}
Potions
 d - a potion of might
 g - 2 potions of curing
 i - a potion of mutation


   Skills:
 + Level 4.8 Fighting
 + Level 3.7 Maces & Flails
 + Level 4.8 Armour
 + Level 4.7 Shields


You had 5 spell levels left.
You didn't know any spells.
Your spell library was empty.

Dungeon Overview and Level Annotations

Branches:
Dungeon (4/15)
 Temple: D:4-7

Altars:

Shops:
D:1 =

Annotations:
D:4 1 runed translucent door, Crazy Yiuf


Innate Abilities, Weirdness & Mutations

You are immune to sickness and miasma.
Your stone body is resilient. (AC +4)
You are immune to poison.
You resist negative energy. (rN+)
You are resistant to electric shocks. (rElec)
You are resistant to unholy torment.
You are immune to petrification.


Message History

Things that are here:
a +0 spear; a gnoll corpse The gnoll attacks as it pursues you!
The gnoll hits you from afar with a +0 halberd.
* * * LOW HITPOINT WARNING * * *
The gnoll bouda gazes fiercely through you!
You feel your attacks grow feeble. You block the gnoll bouda's attack.
Your attacks no longer feel as feeble.
The gnoll is no longer moving quickly.
An orc priest comes into view. It is wielding a +0 short sword.
Found a potion of curing.
The orc priest shouts!
The orc priest hits you with a +0 short sword.
* * * LOW HITPOINT WARNING * * *
The gnoll bouda gazes fiercely through you!
You feel your attacks grow feeble.
This is a scroll of acquirement!
Something appears at your feet!
The gnoll bouda gazes fiercely through you!
You feel as though you will be weak longer.
The orc priest hits you but does no damage.
b - the +3 plate armour of Dogma {rF+ rC+ Will+ Int+4} The orc priest looks braver for a moment.
As you read the scroll labelled NAYSIM WEEGA, it crumbles to dust.
You hear a loud clanging noise!
It was a scroll of noise.
The orc priest shouts, "The Pantheon deserves no one's loyalty.
Let us show you the true path!"
The orc priest hits you with a +0 short sword.
* * * LOW HITPOINT WARNING * * *
Found a stone staircase leading up.
A scorpion comes into view.
The gnoll bouda gazes fiercely through you!
You feel as though you will be weak longer.
The gnoll bouda attacks as it pursues you!
The gnoll bouda hits you with a +0 club.
* * * LOW HITPOINT WARNING * * *
The orc priest mumbles some strange prayers to Beogh against you.
Beogh smites you!
You die...

.. ... ...## s...!
########### ......
..........
......###.......#
<.......#.......# .
.....#@#.......# .. .#
##'#..#g#.......##...
...#......oo..o.........
........#.g............
#.....#.#####.......#
#.....'.##.g.....?..#
##....####).(.......#
####....)o...$.....#
#......$...#....#


You could see a gnoll bouda, a scorpion, 2 orc priests and a gnoll.

Vanquished Creatures
  A water moccasin (D:6)
  A hound (D:6)
  2 orc wizards
  3 gnolls (D:6)
  4 adders
  6 orcs
  4 endoplasms
  4 giant cockroaches
  10 goblins
  6 hobgoblins
  4 quokkas
  7 ball pythons
  6 bats
  4 frilled lizards
  4 kobolds
  8 rats
74 creatures vanquished.

Notes
Turn   | Place    | Note
-------+----------+-------------------------------------------
     0 | D:1      | Dittersdorf the Gargoyle Fighter began the quest for the
                  | Orb.
     0 | D:1      | Reached XP level 1. HP: 14/14 MP: 1/1
    41 | D:1      | Found Pilopara's Jewellery Shop.
    78 | D:1      | Reached XP level 2. HP: 19/19 MP: 2/2
   292 | D:1      | Reached XP level 3. HP: 19/23 MP: 3/3
   774 | D:2      | Reached XP level 4. HP: 14/29 MP: 4/4
  2010 | D:3      | Reached XP level 5. HP: 31/33 MP: 5/5
  2462 | D:3      | Found a faded altar of an unknown god.
  2703 | D:4      | Found a runed translucent door.
  2704 | D:4      | Noticed Crazy Yiuf
  2737 | D:4      | You fall into a shaft and drop 2 floors!
  2743 | D:6      | Noticed a water moccasin
  2757 | D:6      | Killed a water moccasin
  2758 | D:6      | Reached XP level 6. HP: 13/39 MP: 6/6
  2808 | D:6      | Identified a scroll of acquirement
  2808 | D:6      | Acquired the +3 plate armour of Dogma {rF+ rC+ Will+ Int+4}
  2811 | D:6      | Killed from afar by an orc priest

Illustrated notes

Levels and vault maps discovered:
D:1:      dpeg_arrival_rooms_a, layout_rooms, serial_shops,
          nicolae_shop_gaudy_bauble, minmay_tripent
D:2:      layout_loops_corners, minmay_octomino_c4
D:3:      layout_basic, ebering_ecumenical_altar_rust, serial_corexii_hall,
          chequers_hall_statues_corner_a, chequers_hall_statues_wall_a
D:4:      layout_cave_pods, minmay_temple_entry_statues_fountains,
          uniq_crazy_yiuf_cottage, uniq_ijyb
D:6:      layout_basic, lemuel_crystal_altar,
          mainiacjoe_overflow_small_starburst, st_stairs_2,
          chequers_serial_rivers_small_b, uniq_jeremiah

Skill      XL: |  1  2  3  4 |
---------------+-------------+-----
Fighting       | 4 |  4.8
Armour         | 4 |  4.8
Shields        | 4 |  4.7
Maces & Flails | 3 |  3.7

Action                     |  1- 3 |  4- 6 || total
---------------------------+-------+-------++-------
  Melee: Flail             |    99 |   163 ||   262
    Use: Scroll            |       |     5 ||     5
 Armour: Scale mail        |   103 |    86 ||   189
         Chain mail        |       |    55 ||    55
  Dodge: Dodged            |    70 |    80 ||   150
  Block: Buckler           |    28 |    52 ||    80

Table legend: (Time is in decaauts)
 A = Elapsed time spent in this place.
 B = Non-inter-level travel time spent in this place.
 C = Inter-level travel time spent in this place.
 D = Time resting spent in this place.
 E = Time spent auto-exploring this place.
 F = Levels seen in this place.
 G = Mean time per level.
                   A        B        C        D        E       F      G
               +--------+--------+--------+--------+--------+-----+--------+
         Total |   2885 |   2778 |    107 |    166 |   1997 |   5 |  577.0 |
       Dungeon |   2885 |   2778 |    107 |    166 |   1997 |   5 |  577.0 |
               +--------+--------+--------+--------+--------+-----+--------+

Top non-repeatable levels by time:
     D:2: 1082 daAuts
     D:3: 1018 daAuts
     D:1: 629 daAuts
     D:6: 83 daAuts
     D:4: 71 daAuts
